AoeStats
← MAVERICK

Black Forest

510350918Analyzed
3v3 RM · 9h ago on Sep 30, 2026· 40m 55s· 6 players
Game mode
Random Map
Map size
Normal (6 player)
Population
200
Speed
Normal
Resources
Standard
Victory
Conquest
Starting age
Dark Age
Ending age
Imperial Age
RankedLock teamsTeams togetherTeam positionsShared explorationLock speedFull tech treeHidden civsTurbo modeCheats
Victory
Defeat
🇺🇸 Poles · United States
1156
+16
🇨🇿 Spanish · Czechia
1128
+18
🇺🇸 Vietnamese · United States
1117
+18
🇦🇷 Bohemians · Argentina
1173
-17
🇦🇷 Turks · Argentina
1170
-18
🇦🇷 Spanish · Argentina
1146
-17
Nortrom Antivirus
4:03 Loom
8:54 Loom
10:57 Feudal Age
15:47 Castle Age
14:01 Double-Bit Axe
13:59 Horse Collar
15:42 Wheelbarrow
20:46 Bow Saw
20:58 Heavy Plow
22:56 Hand Cart
25:44 Bloodlines
25:34 Husbandry
29:07 Imperial Age
28:36 Scale Barding Armor
28:41 Forging
28:23 Fletching
28:33 Padded Archer Armor
28:35 Gold Mining
28:35 Stone Mining
29:44 Chain Barding Armor
32:04 Chemistry
31:01 Bodkin Arrow
31:44 Iron Casting
32:02 Bodkin Arrow
34:53 Plate Barding Armor
34:19 Bracer
35:24 Siege Engineers
35:55 Elite Battle Elephant
37:22 Leather Archer Armor
38:18 Chatras
39:05 Paper Money
petey_hs
0:46 Loom
12:10 Feudal Age
17:02 Castle Age
15:09 Double-Bit Axe
15:06 Horse Collar
17:36 Bloodlines
22:20 Heavy Plow
24:21 Scale Barding Armor
25:56 Forging
25:59 Husbandry
28:17 Wheelbarrow
28:42 Gold Mining
29:07 Bow Saw
30:05 Iron Casting
29:24 Fletching
30:10 Iron Casting
34:15 Imperial Age
32:14 Caravan
33:14 Bodkin Arrow
33:45 Stone Mining
34:45 Chain Barding Armor
34:59 Ballistics
35:56 Chemistry
35:22 Conscription
35:48 Cavalier
36:45 Szlachta Privileges
38:36 Blast Furnace
39:08 Crop Rotation
40:35 Light Cavalry
TheShade
1:27 Loom
13:06 Feudal Age
17:33 Castle Age
16:47 Double-Bit Axe
16:48 Horse Collar
20:46 Town Watch
21:35 Bow Saw
27:56 Fervor
28:07 Sanctity
28:03 Redemption
31:20 Heavy Plow
32:01 Bloodlines
31:51 Husbandry
35:57 Imperial Age
36:06 Wheelbarrow
35:33 Town Patrol
37:41 Chemistry
37:22 Block Printing
37:52 Ballistics
38:01 Conscription
38:16 Forging
37:57 Fletching
38:15 Scale Barding Armor
37:36 Pikeman
39:35 Two-Man Saw
rstizza
5:20 Loom
13:47 Feudal Age
18:46 Castle Age
16:58 Double-Bit Axe
17:46 Horse Collar
21:12 Bow Saw
23:32 Heavy Plow
28:08 Gold Mining
28:09 Stone Mining
33:45 Imperial Age
32:22 Wheelbarrow
35:53 Padded Archer Armor
35:44 Fletching
36:00 Scale Barding Armor
39:12 Hand Cart
39:21 Leather Archer Armor
39:02 Bodkin Arrow
39:28 Chain Barding Armor
39:56 Town Watch
MAVERICK
0:45 Loom
16:44 Feudal Age
20:53 Castle Age
19:28 Double-Bit Axe
20:05 Horse Collar
22:04 Bow Saw
21:57 Heavy Plow
26:04 Wheelbarrow
27:25 Pikeman
28:05 Squires
28:59 Fletching
29:46 Bodkin Arrow
29:15 Elite Skirmisher
31:40 Padded Archer Armor
36:52 Imperial Age
36:02 Leather Archer Armor
36:08 Hand Cart
37:19 Scale Mail Armor
38:43 Ring Archer Armor
38:15 Bracer
38:38 Conscription
39:32 Chemistry
39:03 Ballistics
39:31 Fortified Wall
39:20 Murder Holes
balgarv
0:47 Loom
12:56 Feudal Age
16:40 Castle Age
14:43 Double-Bit Axe
17:37 Bow Saw
20:20 Fervor
22:10 Fervor
24:25 Horse Collar
25:48 Fletching
27:16 Bodkin Arrow
27:52 Heavy Plow
32:38 Imperial Age
30:48 Gold Mining
31:39 Wheelbarrow
33:04 Gold Shaft Mining
32:20 Stone Mining
33:16 Devotion
33:11 Elite Janissary
35:42 Two-Man Saw
35:07 Padded Archer Armor
35:13 Scale Barding Armor
35:18 Forging
35:07 Stone Mining
36:01 Conscription
37:34 Artillery
37:57 Husbandry
38:07 Bloodlines
38:08 Bloodlines
Connection lost

Rejoining the realm…

Still unreachable

The connection could not be restored.

Session expired

The server has moved on; the page needs a fresh start.